 Dungeon Crawl Stone Soup version 0.28.0 (webtiles) character file.

Game seed: 1645818625525335290

2 tizbic2 the Caller (level 1, 0/14 HPs)
             Began as a Demigod Summoner on Feb 5, 2022.
             Slain by a quokka (4 damage)
             ... on level 1 of the Dungeon.
             The game lasted 00:01:10 (220 turns).

tizbic2 the Caller (Demigod Summoner)                Turns: 220, Time: 00:01:10

Health: 0/14       AC:  2    Str:  9    XL:     1   Next: 20%
Magic:  0/5        EV: 12    Int: 17    God:
Gold:   6          SH:  0    Dex: 14    Spells: 2/3 levels left

rFire   . . .      SeeInvis .   (no weapon)
rCold   . . .      Faith    .   (no shield)
rNeg    . . .      Spirit   .   a - +0 robe
rPois   .          Reflect  .   (no helmet)
rElec   .          Harm     .   (no cloak)
rCorr   .          Rampage  .   (no gloves)
Will    .....                   (no boots)
Stlth   ++........              (no amulet)
HPRegen 0.04/turn               (no ring)
MPRegen 0.09/turn               (no ring)

@: no status effects
A: high MP 1, forlorn, divine attributes
a: no special abilities


You were on level 1 of the Dungeon.
You visited 1 branch of the dungeon, and saw 1 of its levels.

You collected 6 gold pieces.

Inventory:

Armour
 a - a +0 robe (worn)


   Skills:
 - Level 1.7 Dodging
 - Level 1.7 Stealth
 + Level 1.8 Spellcasting
 * Level 3.6 Summonings


You had 2 spell levels left.
You knew the following spells:

 Your Spells              Type           Power      Damage    Failure   Level
a - Summon Small Mammal   Summ           56%        N/A       4%          1

Your spell library contained the following spells:

 Spells                   Type           Power      Damage    Failure   Level
 Call Imp                 Summ           14%        N/A       7%          2
 Call Canine Familiar     Summ           14%        N/A       13%         3
 Summon Guardian Golem    Hex/Summ       7%         N/A       28%         3
 Summon Lightning Spire   Summ/Air       7%         N/A       67%         4


Dungeon Overview and Level Annotations

Branches:
Dungeon (1/15)

Shops:
D:1 (


Innate Abilities, Weirdness & Mutations

You have an increased reservoir of magic. (+10% MP)
You shall have no god before yourself.
Your divine heritage dramatically boosts your attributes as you level up.


Message History

Casting: Summon Small Mammal (safe; 4% risk of failure)
Confirm with . or Enter, or press ? or * to list all spells.
Your quokka disappears in a puff of smoke!
Casting: Summon Small Mammal (safe; 4% risk of failure)
Confirm with . or Enter, or press ? or * to list all spells.
Your quokka disappears in a puff of smoke!
The quokka closely misses your bat.
Your bat closely misses the quokka.
The quokka barely misses your rat.
Your bat misses the quokka.
Your rat closely misses the quokka.
The quokka bites your rat.
Your rat dies!
Your rat's corpse disappears in a puff of smoke!
Casting: Summon Small Mammal (safe; 4% risk of failure)
Confirm with . or Enter, or press ? or * to list all spells.
You don't have enough magic to cast this spell.
Your bat hits the quokka but does no damage.
Your bat closely misses the quokka.
The quokka bites you.
You hit the quokka but do no damage.
Your bat barely misses the quokka.
The quokka closely misses you.
Your bat barely misses the quokka.
The quokka closely misses you.
You closely miss the quokka.
Your bat closely misses the quokka.
The quokka misses you.
You completely miss the quokka.
Your bat barely misses the quokka.
The quokka bites you.
Casting: Summon Small Mammal (safe; 4% risk of failure)
Confirm with . or Enter, or press ? or * to list all spells.
Your bat barely misses the quokka.
The quokka bites you.
You closely miss the quokka. Your bat misses the quokka. The quokka misses you.
Your bat closely misses the quokka.
You hit the quokka but do no damage. Your bat misses the quokka.
The quokka bites you. The quokka misses you.
You hit the quokka but do no damage. Your bat hits the quokka.
The quokka bites you.
* * * LOW HITPOINT WARNING * * *
Your bat closely misses the quokka.
Your rat closely misses the quokka.
You closely miss the quokka.
The quokka is lightly wounded.
Your bat misses the quokka.
Your rat closely misses the quokka.
The quokka bites you.
You die...

#.##......>... .####
#.##.........# ##.........
#.##.........####.........
#.#..........##..........#
#.#......................##
#.#....b....#.............#
#.#.........'.....# #.....#
#.#......r.##.....###.....#
#.#......r@.........'.....#
#.#.......###....∩###.....#
#.#.......# #.....# #.....#
#.#######################.#
#.........................#
###########################


You could see a quokka (ally target), a friendly bat (summoned) and a friendly
rat (summoned).

Vanquished Creatures
  A hobgoblin (D:1)
  A frilled lizard (D:1)
2 creatures vanquished.

Notes
Turn   | Place    | Note
-------+----------+-------------------------------------------
     0 | D:1      | tizbic2 the Demigod Summoner began the quest for the Orb.
     0 | D:1      | Reached XP level 1. HP: 14/14 MP: 5/5
    87 | D:1      | Found Wudghuz's Antique Weapon Shoppe.
   220 | D:1      | Slain by a quokka

Illustrated notes

Levels and vault maps discovered:
D:1:      lightli_arrival_windingriver, layout_basic, serial_shops, shop

Action                   || total
-------------------------++-------
Melee: Unarmed           ||    11
 Cast: Summon Small Mamm ||    10
 Stab: Sleeping          ||     1
Dodge: Dodged            ||     6
